 Dungeon Crawl Stone Soup version 0.21.1-1-g345015f (webtiles) character file.

343445 RudyRod the Peltast (level 21, -9/192 HPs)
             Began as a Minotaur Fighter on May 17, 2018.
             Was the Champion of Okawaru.
             Killed by divine providence
             ... invoked by a sphinx
              (14 damage)
             ... on level 5 of the Vaults.
             The game lasted 03:44:22 (41132 turns).

RudyRod the Peltast (Minotaur Fighter)             Turns: 41132, Time: 03:44:24

Health: -9/192     AC: 33    Str: 31    XL:     21   Next: 13%
Magic:  23/30      EV: 18    Int:  5    God:    Okawaru [******]
Gold:   1870       SH: 31    Dex: 10    Spells: 19/34 levels left

rFire    + + +     SeeInvis +   N - +7 morningstar of Abomination {holy, rElec rPois rF+++ rN++ Str-5}
rCold    . . .     Gourm    .   y - +2 large shield {reflect}
rNeg     + + +     Faith    .   F - +7 chain mail of Analysis {rPois rN+}
rPois    +         Spirit   .   q - +0 hat of the Dice {+Blink MR+ SInv}
rElec    +         Reflect  +   M - +3 cloak of Hadjma {+Fly rN+ Str+5}
rCorr    .         Harm     .   C - +2 pair of gloves
MR       ++...                  J - +0 pair of boots {run}
Stlth    ..........             V - +5 amulet of reflection
HPRegen  1.42/turn              X - +4 ring of protection
MPRegen  0.22/turn              W - +6 ring of evasion

@: very slightly contaminated, regenerating, hasted (expiring), very quick
A: retaliatory headbutt, horns 2, talons 1, blurry vision 1, clumsy 1, strong 1
}: 2/15 runes: decaying, gossamer
a: Heroism, Finesse, Renounce Religion, Evoke Blink, Evoke Flight


You were on level 5 of the Vaults.
You worshipped Okawaru.
Okawaru was exalted by your worship.
You were not hungry.

You visited 9 branches of the dungeon, and saw 39 of its levels.
You also visited: Labyrinth.

You collected 3423 gold pieces.
You spent 1553 gold pieces at shops.

Inventory:

Hand Weapons
 c - the +10 war axe of the Heart {holy, rPois Int-3 Dex+4}
   (Okawaru gifted it to you on level 1 of the Vaults)

   It has been blessed by the Shining One to cause great damage to the undead
   and demons.
   It affects your intelligence (-3).
   It affects your dexterity (+4).
   It protects you from poison.
 N - the +7 morningstar of Abomination (weapon) {holy, rElec rPois rF+++ rN++ Str-5}
   (You bought it in a shop on level 10 of the Dungeon)

   It has been blessed by the Shining One to cause great damage to the undead
   and demons.
   It affects your strength (-5).
   It renders you almost immune to fire.
   It insulates you from electricity.
   It protects you from poison.
   It greatly protects you from negative energy.
 U - the +7 hand axe "Goblin's Nightmare" {pain, rN+ Str+2}
   (You found it on level 5 of the Vaults)

   In the hands of one skilled in necromantic magic, it inflicts extra damage on
   living creatures.
   It affects your strength (+2).
   It protects you from negative energy.
Missiles
 O - 7 silver javelins
 S - 8 javelins of penetration (quivered)
Armour
 q - the +0 hat of the Dice (worn) {+Blink MR+ SInv}
   (Okawaru gifted it to you on level 3 of the Vaults)

   It affects your resistance to hostile enchantments.
   It lets you see invisible.
   It lets you blink.
 y - a +2 large shield of reflection (worn)
 C - a +2 pair of gloves (worn)
 F - the +7 chain mail of Analysis (worn) {rPois rN+}
   (You found it on level 7 of the Dungeon)

   It protects you from poison.
   It protects you from negative energy.
 J - a +0 pair of boots of running (worn)
 M - the +3 cloak of Hadjma (worn) {+Fly rN+ Str+5}
   (You bought it in a shop on level 2 of the Orcish Mines)

   It affects your strength (+5).
   It protects you from negative energy.
   It lets you fly.
Jewellery
 l - an uncursed ring of poison resistance
 n - an uncursed ring of protection from magic
 r - an uncursed ring of protection from fire
 V - a +5 amulet of reflection (around neck)
 W - a +6 ring of evasion (right hand)
 X - a +4 ring of protection (left hand)
Wands
 i - a wand of clouds (8)
 m - a wand of digging (44)
 p - a wand of random effects (45)
 G - a wand of paralysis (32)
 P - a wand of enslavement (14)
 Y - a wand of acid (7)
Scrolls
 a - 3 scrolls of blinking
 b - a scroll of silence
 e - 10 scrolls of amnesia
 g - 9 scrolls of identify
 j - 13 scrolls of remove curse
 k - 7 scrolls of teleportation
 o - a scroll of brand weapon
 u - a scroll of magic mapping
 v - a scroll of acquirement
 x - 5 scrolls of fog
 B - 6 scrolls of enchant weapon
 Q - a scroll of enchant armour
Potions
 d - 5 potions of might
 h - 11 potions of curing
 s - 3 potions of magic
 t - 8 potions of flight
 z - 8 potions of ambrosia
 A - 2 potions of brilliance
 D - 4 potions of agility
 E - a potion of berserk rage
 I - 3 potions of resistance
 K - 2 potions of cancellation
 R - 7 potions of haste
Books
 H - a book of Minor Magic

   Spells                             Type                      Level
   a - Magic Dart                     Conjuration                  1
   b - Blink                          Translocation                2
   c - Call Imp                       Summoning                    2
   d - Slow                           Hexes                        2
   e - Conjure Flame                  Conjuration/Fire             3
   f - Mephitic Cloud                 Conjuration/Poison/Air       3
 T - a book of Battle

   Spells                             Type                      Level
   a - Infusion                       Charms                       1
   b - Shroud of Golubria             Charms/Translocation         2
   c - Song of Slaying                Charms                       2
   d - Spectral Weapon                Hexes/Charms                 3
   e - Regeneration                   Charms/Necromancy            3
Comestibles
 f - 40 rations


   Skills:
 * Level 17.6 Fighting
 - Level 12.0(16.2) Axes
 - Level 18.0(19.1) Maces & Flails
 + Level 4.2 Throwing
 + Level 13.7 Armour
 + Level 8.6 Dodging
 + Level 1.8 Stealth
 + Level 20.5 Shields
 + Level 7.1 Spellcasting
 * Level 4.3 Hexes
 + Level 7.1 Charms
 + Level 9.9 Necromancy
 + Level 7.0 Invocations
 + Level 4.1 Evocations


You had 19 spell levels left.
You knew the following spells:

 Your Spells              Type           Power        Failure   Level  Hunger
a - Song of Slaying       Chrm           #.......     12%         2    ###....
b - Regeneration          Chrm/Necr      ##........   13%         3    ###....
c - Infusion              Chrm           #...         8%          1    #......
d - Corona                Hex            #......      24%         1    #......
e - Slow                  Hex            #.......     36%         2    ###....
f - Statue Form           Tmut/Erth      #........    100%        6    #######


Dungeon Overview and Level Annotations

Branches:
Dungeon (15/15)            Temple (1/1) D:6            Lair (6/6) D:10
  Swamp (4/4) Lair:3       Spider (4/4) Lair:2        Slime (1/5) Lair:6
    Orc (2/2) D:11            Elf (0/3) Orc:2        Vaults (5/5) D:13
  Crypt (0/3) Vaults:3     Depths (1/5) D:15

Altars:
Ashenzari
Cheibriados
Dithmenos
Elyvilon
Fedhas
Gozag
Hepliaklqana
Kikubaaqudgha
Makhleb
Nemelex Xobeh
Okawaru
Qazlal
Ru
Sif Muna
Trog
Uskayaw
Vehumet
Wu Jian
Xom
Yredelemnul
Zin
The Shining One

Shops:
D:6 !   D:10 %*(?   Orc:2 [[**   Vaults:2 *   Vaults:3 *   Vaults:4 =(

Annotations:
Vaults:5 Mennas
Depths:1 Mara


Innate Abilities, Weirdness & Mutations

You reflexively headbutt those who attack you in melee.
You have a pair of horns on your head.
You have sharp toenails.
Scrolls take you a little longer to read.
You are clumsy. (Dex -2)
Your muscles are strong. (Str +2)


Message History

You block the deep elf sorcerer's attack.
A sphinx comes into view.
The deep elf sorcerer hits you but does no damage.
The sphinx mumbles some strange words.
Something smites you!
* * * LOW HITPOINT WARNING * * *
Your skin is crawling a little less now.
You block the sphinx's attack. x2; The sphinx hits you but does no damage.
A storm dragon comes into view.
Your extra speed is starting to run out.
Your skin stops crawling.
The deep elf sorcerer casts a spell at you.
The sphere of damnation explodes!
The damnation engulfs you!
* * * LOW HITPOINT WARNING * * *
Casting: Regeneration
Confirm with . or Enter, or press ? or * to list all spells.
Your skin crawls.
Mennas becomes audible again.
The sphinx casts a spell.
Something smites you!
You die...

#....#
#....#
#..##..#
#HA# D.#
#..#
##..
#e.# ..
#..#
#..#
#@.#
#..#
#..#
#..#
#..#
#..#
#..#
#..#


You could see Mennas, a sphinx and a deep elf sorcerer.

Vanquished Creatures
  Sojobo (Depths:1)
  Margery (Vaults:3)
  Saint Roka (Vaults:1)
  Nikola (Swamp:4)
  2 golden dragons (Vaults:5)
  A lich (Vaults:4)
  2 tentacled monstrosities (Vaults:5)
  Rupert (Orc:2)
  A titan (Vaults:4)
  An acid blob (Lair:6)
  2 sphinxes (Vaults:4)
  Frances (D:13)
  A storm dragon (Vaults:4)
  2 tengu reavers (Depths:1)
  A shadow dragon (Vaults:5)
  2 thorn hunters (Swamp:4)
  Donald (Spider:2)
  2 frost giants
  10 emperor scorpions
  A deep elf sorcerer (Vaults:4)
  17 vault wardens
  The ghost of salinator123 the Bludgeoner, a journeyman DDBe of Trog (Swamp:4)
  4 very ugly things
  3 entropy weavers
  10 ironheart preservers
  2 war gargoyles
  3 stone giants
  Azrael (Orc:2)
  The ghost of bmj180 the Spear-Bearer, a journeyman MiFi of Okawaru (D:11)
  5 ettins
  Snorg (Orc:1)
  A minotaur (Lab)
  Josephine (Orc:2)
  2 fire dragons
  8 yaktaur captains
  A rakshasa (Vaults:1)
  2 great orbs of eyes
  4 ice dragons
  45 vault guards
  25 hydras
  4 catoblepae
  Fannar (D:11)
  6 ghost crabs
  12 alligators
  9 centaur warriors
  7 ogre magi
  Erica (D:8)
  6 death yaks
  A death knight (Vaults:2)
  3 tengu warriors
  24 two-headed ogres
  Urug (D:11)
  3 orc high priests (Orc:2)
  A spriggan berserker (Swamp:4)
  4 deep elf knights
  Nergalle (D:11)
  6 hell knights (Vaults:3)
  A storm dragon skeleton (Vaults:3)
  A shadow wraith (Vaults:4)
  10 skeletal warriors
  A spriggan druid (Swamp:4)
  The ghost of kirsanium the Thaumaturge, a novice GnWz of Ashenzari (D:7)
  6 deep trolls
  3 unseen horrors
  11 swamp dragons
  2 flayed ghosts
  3 deep elf archers
  4 phantasmal warriors
  2 shambling mangroves
  2 wizards
  13 orc knights
  A lindwurm (Lair:3)
  A wolf spider zombie (D:13)
  3 harpies (Vaults:4)
  2 necromancers
  13 ironbrand convokers
  9 orb spiders
  A tengu skeleton (Vaults:2)
  29 wolf spiders
  11 deep elf magi
  6 cyclopes
  A shining eye (shapeshifter) (D:15)
  8 orc sorcerers
  3 manticores
  27 ugly things
  3 moths of wrath
  3 black mambas
  A guardian serpent (shapeshifter) (Vaults:4)
  10 elephants
  21 vault sentinels
  A stone giant skeleton (Vaults:3)
  3 centaur zombies
  3 torpor snails
  2 gargoyles
  A storm dragon simulacrum (Vaults:3)
  11 spiny frogs
  2 kobold demonologists (D:14)
  A rime drake (Lair:6)
  33 yaktaurs
  8 demonic crawlers
  12 komodo dragons
  5 freezing wraiths
  2 yaktaur skeletons (Vaults:3)
  A queen bee (Lair:2)
  A jumping spider (shapeshifter) (Vaults:3)
  28 jumping spiders
  13 hornets
  8 trolls
  3 tengu conjurers
  30 slime creatures
  7 tyrant leeches
  8 blink frogs
  3 dream sheep (Lair:6)
  A wolf spider simulacrum (D:15)
  6 bog bodies
  9 hippogriffs
  A hippogriff (shapeshifter) (Vaults:2)
  A meliai zombie (D:13)
  Sigmund (D:3)
  9 spriggans
  5 shadows
  90 redbacks
  A tarantella (shapeshifter) (D:13)
  5 wraiths
  28 yaks
  An ettin skeleton (Vaults:3)
  A wyvern (D:15)
  6 basilisks
  28 tarantellas
  3 fire elementals (Orc:2)
  5 hungry ghosts
  12 vampire mosquitoes
  31 swamp worms
  A warg (Orc:2)
  Duvessa (D:5)
  A deep troll skeleton (Vaults:3)
  A water moccasin (shapeshifter) (Vaults:5)
  10 swamp drakes
  2 acid dragons
  4 hell hounds (Orc:2)
  4 porcupines
  9 water moccasins
  3 ice beasts
  4 sky beasts
  2 human zombies (Vaults:2)
  3 necrophages
  An eye of draining (shapeshifter) (Vaults:4)
  An eye of draining (D:11)
  A black bear (D:10)
  25 orc warriors
  A hornet zombie (D:14)
  5 boggarts (Vaults:1)
  2 phantoms
  6 wolves
  9 centaurs
  22 ogres
  8 crocodiles
  2 big kobolds
  17 bullfrogs
  A wyvern zombie (D:12)
  11 human skeletons
  Dowan (D:5)
  A water moccasin zombie (D:6)
  39 killer bees
  7 electric eels
  4 howler monkeys
  10 crimson imps
  8 hounds
  4 bullfrog zombies
  Crazy Yiuf (D:5)
  15 orc priests
  7 jellies
  27 orc wizards
  4 centaur skeletons
  Jessica (D:3)
  Natasha (thrice) (D:3)
  An iguana (D:10)
  5 worker ants
  A hound skeleton (D:4)
  2 worker ant zombies
  9 adders
  6 gnolls
  2 shadow imps
  2 white imps (Vaults:2)
  2 oozes
  2 adder skeletons (D:6)
  4 worms
  9 dart slugs
  6 leopard geckos
  97 orcs
  12 bats
  4 giant cockroaches
  8 goblins
  9 hobgoblins
  3 jackals (D:7)
  5 quokkas
  7 frilled lizards
  20 kobolds
  2 quokka skeletons
  13 rats
  A briar patch (Swamp:4)
1426 creatures vanquished.

Vanquished Creatures (others)
  A stone giant (Vaults:5)
  A hydra (Swamp:4)
  3 centaur warriors
  A spriggan (Swamp:3)
  An orb spider (Spider:2)
  7 yaktaurs
  A hornet (Swamp:3)
  A swamp drake (Swamp:4)
  3 centaurs
  2 fungi
  3 plants
24 creatures vanquished.

Grand Total: 1450 creatures vanquished

Notes
Turn   | Place    | Note
-------+----------+-------------------------------------------
     0 | D:1      | RudyRod the Minotaur Fighter began the quest for the Orb.
     0 | D:1      | Reached XP level 1. HP: 19/19 MP: 0/0
     9 | D:1      | Noticed a centaur
    33 | D:1      | Reached XP level 2. HP: 27/27 MP: 1/1
   149 | D:1      | Reached skill level 4 in Shields
   266 | D:1      | Reached XP level 3. HP: 33/33 MP: 2/2
   961 | D:2      | Reached XP level 4. HP: 38/40 MP: 3/3
  1304 | D:3      | Noticed Natasha
  1308 | D:3      | Killed Natasha
  1349 | D:3      | Reached XP level 5. HP: 20/46 MP: 4/4
  1365 | D:3      | Reached skill level 5 in Shields
  1574 | D:3      | Noticed Jessica
  1578 | D:3      | Noticed Sigmund
  1602 | D:3      | Killed Jessica
  1606 | D:3      | Gained mutation: Your muscles are strong. (Str +2) [potion of mutation]
  1606 | D:3      | Gained mutation: You have sharp toenails. [potion of mutation]
  1642 | D:3      | Killed Sigmund
  1642 | D:3      | Reached skill level 1 in Throwing
  1642 | D:3      | Reached skill level 5 in Armour
  1642 | D:3      | Reached skill level 1 in Dodging
  1642 | D:3      | Reached XP level 6. HP: 28/53 MP: 5/5
  1830 | D:3      | Noticed Natasha
  1838 | D:3      | Killed Natasha
  1876 | D:3      | Noticed Natasha
  1883 | D:3      | Killed Natasha
  2156 | D:3      | Found a snail-covered altar of Cheibriados.
  2226 | D:3      | Found a shattered altar of Ashenzari.
  2273 | D:3      | Reached skill level 5 in Axes
  2423 | D:4      | Found a burning altar of Makhleb.
  2495 | D:4      | Reached XP level 7. HP: 60/60 MP: 6/6
  2850 | D:4      | Reached skill level 6 in Shields
  3453 | D:5      | Entered Level 5 of the Dungeon
  3686 | D:5      | Found a runed door.
  3690 | D:5      | Noticed Crazy Yiuf
  3695 | D:5      | Killed Crazy Yiuf
  3763 | D:5      | Reached skill level 5 in Fighting
  3913 | D:5      | Noticed Duvessa
  3920 | D:5      | Noticed Dowan
  3926 | D:5      | Killed Duvessa
  3926 | D:5      | Reached XP level 8. HP: 54/68 MP: 7/7
  3937 | D:5      | Killed Dowan
  4297 | D:6      | Found a staircase to the Ecumenical Temple.
  4312 | Temple   | Entered the Ecumenical Temple
  4337 | Temple   | Became a worshipper of Warmaster Okawaru
  4547 | D:6      | Found a bloodstained altar of Trog.
  4547 | D:6      | Found an ornate altar of the Wu Jian Council.
  4644 | D:6      | Found a white marble altar of Elyvilon.
  4694 | D:6      | Reached skill level 7 in Shields
  4726 | D:6      | Found an ancient bone altar of Kikubaaqudgha.
  4795 | D:6      | Found Funainn's Distillery.
  5133 | D:7      | Noticed kirsanium's ghost (novice GnWz)
  5189 | D:7      | Killed kirsanium's ghost
  5189 | D:7      | Reached * piety under Okawaru
  5189 | D:7      | Reached XP level 9. HP: 55/75 MP: 8/8
  5341 | D:7      | Reached ** piety under Okawaru
  5474 | D:7      | Found a shadowy altar of Dithmenos.
  5502 | D:7      | Reached skill level 10 in Axes
  5586 | D:7      | Got a spiked chain mail
  5597 | D:7      | Identified the +7 chain mail of Analysis {rPois rN+} (You found it on level 7 of the Dungeon)
  6000 | D:8      | You fall through a shaft for 2 floors!
  6000 | D:10     | Entered Level 10 of the Dungeon
  6009 | D:10     | Reached skill level 1 in Stealth
  6032 | D:10     | Found Fycazoty's Assorted Antiques.
  6057 | D:10     | Reached skill level 8 in Shields
  6069 | D:10     | Reached *** piety under Okawaru
  6075 | D:10     | Reached XP level 10. HP: 69/84 MP: 9/9
  6181 | D:10     | Found Lapsul's Magic Scroll Boutique.
  6188 | D:10     | Found a staircase to the Lair.
  6335 | D:9      | Noticed a two-headed ogre
  6370 | D:9      | Killed a two-headed ogre
  6370 | D:9      | Reached skill level 1 in Invocations
  6370 | D:9      | Reached skill level 1 in Evocations
  6494 | D:8      | Reached **** piety under Okawaru
  6501 | D:8      | Noticed Erica
  6513 | D:8      | Killed Erica
  6647 | D:8      | Found a glowing silver altar of Zin.
  7085 | D:9      | Found a shimmering altar of Xom.
  7085 | D:9      | Found a shimmering altar of Xom.
  7085 | D:9      | Found a shimmering altar of Xom.
  7085 | D:9      | Found a shimmering altar of Xom.
  7096 | D:9      | Found a shimmering altar of Xom.
  7096 | D:9      | Found a shimmering altar of Xom.
  7096 | D:9      | Found a shimmering altar of Xom.
  7114 | D:9      | Noticed a glowing orange brain
  7170 | D:9      | Noticed a cyclops
  7246 | D:10     | Found Ymaj's Food Shoppe.
  7271 | D:10     | Noticed a gargoyle
  7277 | D:10     | Killed a gargoyle
  7287 | D:10     | Found Tistrasche's Antique Weapon Emporium.
  7291 | D:10     | Bought an ichor-stained morningstar for 324 gold pieces
  7291 | D:10     | Identified the +7 morningstar of Abomination {holy, rElec rPois rF+++ rN++ Str-5} (You bought it in a shop on level 10 of the Dungeon)
  7653 | D:11     | Reached skill level 1 in Maces & Flails
  7736 | D:11     | Noticed Fannar
  7748 | D:11     | Killed Fannar
  7748 | D:11     | Reached ***** piety under Okawaru
  7748 | D:11     | Received a gift from Okawaru
  7748 | D:11     | Reached skill level 9 in Shields
  7748 | D:11     | Reached XP level 11. HP: 62/92 MP: 9/12
  7879 | D:11     | Noticed Nergalle
  7892 | D:11     | Killed Nergalle
  7941 | D:11     | Noticed Urug
  7955 | D:11     | Received a gift from Okawaru
  7969 | D:11     | Killed Urug
  8083 | D:11     | Found a staircase to the Orcish Mines.
  8101 | D:11     | Reached skill level 5 in Maces & Flails
  8404 | D:11     | Noticed a brown ugly thing
  8413 | D:11     | Killed a brown ugly thing
  8468 | D:11     | Noticed bmj180's ghost (journeyman MiFi)
  8784 | D:11     | Killed bmj180's ghost
  9049 | Lair:1   | Entered Level 1 of the Lair of Beasts
  9054 | Lair:1   | Noticed an eight-headed hydra
  9069 | D:10     | Killed an eight-headed hydra
  9069 | D:10     | Reached skill level 5 in Invocations
  9940 | Lair:1   | Got a transparent rapier
  9941 | Lair:1   | Identified the +6 rapier "Jaxzyoz" {freeze, *Noise rC+ rN+ Int+3} (You found it on level 1 of the Lair of Beasts)
 10026 | Lair:2   | Got a twisted robe
 10037 | Lair:2   | Identified the +1 robe of the Merchant {rElec rF+ rN++ Str+4} (You found it on level 2 of the Lair of Beasts)
 10171 | Lair:2   | Reached XP level 12. HP: 44/102 MP: 12/15
 10177 | Lair:2   | Received a gift from Okawaru
 10210 | Lair:2   | Reached skill level 10 in Shields
 10835 | Lair:2   | Found a hole to the Spider Nest.
 11295 | Lair:3   | Noticed a death yak
 11312 | Lair:3   | Killed a death yak
 11324 | Lair:3   | Received a gift from Okawaru
 11324 | Lair:3   | Reached skill level 10 in Maces & Flails
 11638 | Lair:3   | Noticed a catoblepas
 11655 | Lair:3   | Killed a catoblepas
 11913 | Lair:3   | Found a staircase to the Swamp.
 12127 | Lair:4   | Reached skill level 10 in Armour
 12128 | Lair:4   | Received a gift from Okawaru
 12128 | Lair:4   | Reached skill level 5 in Dodging
 12164 | Lair:4   | Got a steaming broad axe {god gift}
 12171 | Lair:4   | Identified the +4 broad axe "Reipredd" {elec, -Tele rN+ Int+4} (Okawaru gifted it to you on level 4 of the Lair of Beasts)
 12741 | Lair:5   | Found a labyrinth entrance.
 12762 | Lab      | Entered a labyrinth
 12866 | Lab      | Reached skill level 10 in Fighting
 13052 | Lab      | Noticed a minotaur
 13062 | Lab      | Killed a minotaur
 13062 | Lab      | Reached XP level 13. HP: 105/113 MP: 8/16
 13325 | Lair:5   | Reached ****** piety under Okawaru
 13368 | Lair:5   | Learned a level 2 spell: Song of Slaying
 13377 | Lair:5   | Learned a level 3 spell: Regeneration
 13391 | Lair:5   | Received a gift from Okawaru
 13600 | Lair:6   | Entered Level 6 of the Lair of Beasts
 13897 | Lair:6   | Reached skill level 11 in Shields
 13916 | Lair:6   | Reached skill level 1 in Spellcasting
 13916 | Lair:6   | Reached skill level 1 in Charms
 13980 | Lair:6   | Found a staircase to the Slime Pits.
 14171 | Lair:6   | Received a gift from Okawaru
 14181 | Lair:6   | Reached skill level 1 in Necromancy
 14413 | Lair:6   | Found a hazy altar of Hepliaklqana.
 15290 | Lair:6   | Received a gift from Okawaru
 15698 | D:10     | Bought a scroll of identify for 30 gold pieces
 15733 | D:10     | Bought a scroll of identify for 54 gold pieces
 15893 | D:11     | Reached XP level 14. HP: 61/122 MP: 10/17
 16796 | D:13     | Received a gift from Okawaru
 16963 | D:13     | Reached skill level 12 in Shields
 17308 | D:13     | Found a gate to the Vaults.
 17626 | D:13     | Received a gift from Okawaru
 17758 | D:13     | Noticed Frances
 17779 | D:13     | Killed Frances
 18425 | D:14     | Got an ichor-stained leather armour
 18450 | D:14     | Identified the +3 leather armour "Sibaic" {rF+ MR+} (You found it on level 14 of the Dungeon)
 18657 | D:14     | Found an opulent altar of Gozag.
 18916 | D:15     | Entered Level 15 of the Dungeon
 19121 | D:15     | Reached XP level 15. HP: 128/132 MP: 19/19
 19528 | D:15     | Reached skill level 15 in Maces & Flails
 19824 | D:15     | Gained mutation: Scrolls take you a little longer to read. [a shining eye]
 19825 | D:15     | Gained mutation: You are clumsy. (Dex -2) [a shining eye]
 19872 | D:15     | Received a gift from Okawaru
 19993 | D:15     | Found a staircase to the Depths.
 20067 | D:15     | Found a shadowy altar of Dithmenos.
 20841 | Orc:1    | Entered Level 1 of the Orcish Mines
 20941 | Orc:1    | Noticed Snorg
 20956 | Orc:1    | Killed Snorg
 21064 | Orc:1    | Reached skill level 5 in Necromancy
 21371 | Orc:2    | Entered Level 2 of the Orcish Mines
 21374 | Orc:2    | Noticed Rupert
 21385 | Orc:2    | Killed Rupert
 21462 | Orc:2    | Noticed Josephine
 21471 | Orc:2    | Killed Josephine
 21610 | Orc:2    | Found a staircase to the Elven Halls.
 21831 | Orc:2    | Noticed Azrael
 21840 | Orc:2    | Killed Azrael
 22157 | Orc:2    | Found Rokkis's Antique Armour Shoppe.
 22180 | Orc:2    | Received a gift from Okawaru
 22197 | Orc:2    | Reached skill level 13 in Shields
 22406 | Orc:2    | Found Utwuc's General Store.
 22406 | Orc:2    | Found Yconigeo's Antique Armour Shoppe.
 22418 | Orc:2    | Found Ysmovvao's General Store.
 22464 | Orc:2    | Bought 3 scrolls of identify for 84 gold pieces
 22472 | Orc:2    | Bought a scroll of identify for 30 gold pieces
 22474 | Orc:2    | Bought an encrusted cloak for 275 gold pieces
 22484 | Orc:2    | Identified the +3 cloak of Hadjma {+Fly rN+ Str+5} (You bought it in a shop on level 2 of the Orcish Mines)
 22497 | Orc:2    | Bought a pair of glowing gloves for 247 gold pieces
 22800 | Swamp:1  | Entered Level 1 of the Swamp
 23015 | Swamp:1  | Got a crude scale mail
 23026 | Swamp:1  | Identified the +4 scale mail of Dim Light {SInv} (You found it on level 1 of the Swamp)
 23154 | Swamp:1  | Received a gift from Okawaru
 23719 | Swamp:2  | Reached skill level 5 in Charms
 23719 | Swamp:2  | Reached XP level 16. HP: 96/139 MP: 22/22
 23767 | Swamp:2  | Reached skill level 5 in Spellcasting
 24936 | Swamp:3  | Got a smoking scale mail
 24947 | Swamp:3  | Identified the cursed +1 scale mail of Context {rElec rF+ MR+} (You found it on level 3 of the Swamp)
 25197 | Swamp:4  | Entered Level 4 of the Swamp
 25205 | Swamp:4  | Noticed Nikola
 25246 | Swamp:4  | HP: 7/141 [eight-headed hydra (5)]
 25246 | Swamp:4  | HP: 3/141 [seven-headed hydra (4)]
 25567 | Swamp:4  | Noticed salinator123's ghost (journeyman DDBe)
 25588 | Swamp:4  | Killed salinator123's ghost
 25588 | Swamp:4  | Received a gift from Okawaru
 25662 | Swamp:4  | Received a gift from Okawaru
 25743 | Swamp:4  | Received a gift from Okawaru
 25746 | Swamp:4  | Got a citrine-encrusted chain mail {god gift}
 25757 | Swamp:4  | Identified the +3 chain mail "Pebuel" {+Blink rC- Dex+3} (Okawaru gifted it to you on level 4 of the Swamp)
 26118 | Swamp:4  | Killed Nikola
 26118 | Swamp:4  | Reached skill level 14 in Shields
 26252 | Swamp:4  | Noticed a thorn hunter
 26262 | Swamp:4  | Killed a thorn hunter
 26580 | Swamp:4  | Noticed a thorn hunter
 26602 | Swamp:4  | Killed a thorn hunter
 26857 | Swamp:4  | Received a gift from Okawaru
 26908 | Swamp:4  | Reached XP level 17. HP: 91/149 MP: 19/24
 27229 | Swamp:4  | Got a decaying rune of Zot
 27547 | Depths:1 | Entered Level 1 of the Depths
 27621 | Depths:1 | Received a gift from Okawaru
 27624 | Depths:1 | Got an ivory demon trident {god gift}
 27709 | Depths:1 | Noticed Sojobo
 27739 | Depths:1 | Killed Sojobo
 27805 | Depths:1 | Noticed Mara
 28183 | Spider:1 | Entered Level 1 of the Spider Nest
 28271 | Spider:1 | Reached skill level 15 in Shields
 28440 | Spider:1 | Received a gift from Okawaru
 28460 | Spider:1 | Got a fine flail {god gift}
 28461 | Spider:1 | Identified the +7 flail of Recklessness {flame, Dex+3} (Okawaru gifted it to you on level 1 of the Spider Nest)
 29242 | Spider:2 | Noticed Donald
 29267 | Spider:2 | Killed Donald
 29267 | Spider:2 | Received a gift from Okawaru
 29725 | Spider:2 | Learned a level 1 spell: Infusion
 30412 | Spider:3 | Learned a level 1 spell: Corona
 30415 | Spider:3 | Learned a level 2 spell: Slow
 30565 | Spider:3 | Learned a level 6 spell: Statue Form
 30569 | Spider:3 | Identified a scroll of acquirement
 30760 | Spider:4 | Entered Level 4 of the Spider Nest
 30823 | Spider:4 | Received a gift from Okawaru
 30826 | Spider:4 | Got a jewelled executioner's axe {god gift}
 30829 | Spider:4 | Identified the +1 executioner's axe "Itakijit" {flame, rF++ Str-5 Int+8 Stlth-} (Okawaru gifted it to you on level 4 of the Spider Nest)
 31034 | Spider:4 | Reached XP level 18. HP: 159/159 MP: 23/26
 31367 | Spider:4 | Reached skill level 16 in Shields
 31787 | Spider:4 | Got a gossamer rune of Zot
 32312 | Orc:2    | Bought a potion of heal wounds for 75 gold pieces
 32502 | D:6      | Bought a potion of agility for 56 gold pieces
 32502 | D:6      | Bought a potion of agility for 56 gold pieces
 32502 | D:6      | Bought a potion of might for 56 gold pieces
 32502 | D:6      | Bought a potion of heal wounds for 70 gold pieces
 32502 | D:6      | Bought a potion of heal wounds for 70 gold pieces
 32502 | D:6      | Bought 2 potions of curing for 84 gold pieces
 32502 | D:6      | Bought a potion of curing for 42 gold pieces
 32708 | Slime:1  | Entered Level 1 of the Pits of Slime
 32721 | Lair:6   | Received a gift from Okawaru
 33130 | Vaults:1 | Entered Level 1 of the Vaults
 33153 | Vaults:1 | Noticed Saint Roka
 33464 | Vaults:1 | Killed Saint Roka
 33464 | Vaults:1 | Received a gift from Okawaru
 33631 | Vaults:1 | You fall through a shaft!
 33781 | Vaults:1 | Reached skill level 17 in Shields
 34651 | Vaults:1 | Received a gift from Okawaru
 34665 | Vaults:1 | Got a dazzling war axe {god gift}
 34666 | Vaults:1 | Identified the +10 war axe of the Heart {holy, rPois Int-3 Dex+4} (Okawaru gifted it to you on level 1 of the Vaults)
 34931 | Vaults:1 | Reached XP level 19. HP: 113/168 MP: 22/27
 35556 | Vaults:2 | Received a gift from Okawaru
 35570 | Vaults:2 | Identified a +0 pair of boots of running (Okawaru gifted it to you on level 2 of the Vaults)
 35681 | Vaults:2 | Reached skill level 15 in Fighting
 35690 | Vaults:2 | Reached skill level 18 in Shields
 36309 | Vaults:2 | Found Lunnifeu's General Store.
 36924 | Vaults:3 | Received a gift from Okawaru
 36977 | Vaults:3 | Received a gift from Okawaru
 36994 | Vaults:3 | Got a crude hat {god gift}
 37005 | Vaults:3 | Identified the +0 hat of the Dice {+Blink MR+ SInv} (Okawaru gifted it to you on level 3 of the Vaults)
 37075 | Vaults:3 | Reached skill level 1 in Hexes
 37149 | Vaults:3 | Found Korhaelu's General Store.
 37264 | Vaults:3 | Noticed Margery
 37297 | Vaults:3 | Killed Margery
 37297 | Vaults:3 | Reached skill level 19 in Shields
 37311 | Vaults:3 | Reached XP level 20. HP: 175/180 MP: 29/29
 37577 | Vaults:3 | Found a staircase to the Crypt.
 38413 | Vaults:4 | Found Fir Vaut's Jewellery Shoppe.
 38494 | Vaults:4 | Received a gift from Okawaru
 38514 | Vaults:4 | Got an ancient great mace {god gift}
 38518 | Vaults:4 | Identified the +5 great mace of Okawaru's Envy {vamp, rN+} (Okawaru gifted it to you on level 4 of the Vaults)
 38985 | Vaults:4 | Found Aniczis's Antique Weapon Emporium.
 39449 | Vaults:4 | Received a gift from Okawaru
 39455 | Vaults:4 | Got an ancient hand axe {god gift}
 39456 | Vaults:4 | Identified the +3 hand axe of Ruination {freeze, MP+9} (Okawaru gifted it to you on level 4 of the Vaults)
 39967 | Vaults:5 | Entered Level 5 of the Vaults
 40051 | Vaults:4 | Reached skill level 20 in Shields
 40611 | Vaults:5 | Received a gift from Okawaru
 40970 | Vaults:5 | Got a bloodstained hand axe
 40971 | Vaults:5 | Identified the +7 hand axe "Goblin's Nightmare" {pain, rN+ Str+2} (You found it on level 5 of the Vaults)
 40974 | Vaults:5 | Noticed a golden dragon
 40992 | Vaults:5 | Noticed a golden dragon
 40996 | Vaults:5 | Received a gift from Okawaru
 40996 | Vaults:5 | Reached XP level 21. HP: 108/192 MP: 22/30
 40997 | Vaults:5 | Killed a golden dragon
 41023 | Vaults:5 | Killed a golden dragon
 41023 | Vaults:5 | Received a gift from Okawaru
 41081 | Vaults:5 | Noticed Mennas
 41130 | Vaults:5 | HP: 3/192 [deep elf sorcerer/damnation (33)]
 41132 | Vaults:5 | Killed from afar by a sphinx

Skill      XL: |  1  2  3  4  5  6  7  8  9 10 11 12 13 14 15 16 17 18 19 20 |
---------------+-------------------------------------------------------------+-----
Fighting       | 4 5 6 7 8 10 11 12 13 14 15 17 | 17.6
Shields        | 4 5 6 7 8 9 10 11 12 13 14 15 17 19 20 | 20.5
Armour         | 4 5 6 7 8 9 10 11 12 13 | 13.7
Axes           | 3 4 5 6 9 11 12 | 12.0
Throwing       | 1 2 3 4 |  4.2
Dodging        | 1 2 3 4 5 6 7 8 |  8.6
Stealth        | 1 |  1.8
Invocations    | 3 5 6 7 |  7.0
Evocations     | 3 4 |  4.1
Maces & Flails | 2 8 12 13 14 15 16 17 18 | 18.0
Spellcasting   | 2 3 4 5 6 7 |  7.1
Charms         | 2 3 5 6 7 |  7.1
Necromancy     | 2 4 5 6 8 9 |  9.9
Hexes          | 1 4 |  4.3

Action                   |  1- 3 |  4- 6 |  7- 9 | 10-12 | 13-15 | 16-18 | 19-21 || total
-------------------------+-------+-------+-------+-------+-------+-------+-------++-------
Melee: War axe           |    99 |   101 |   239 |    80 |       |       |       ||   519
       Headbutt          |    13 |    10 |    38 |   111 |   287 |   437 |   346 ||  1242
       Kick              |       |    11 |    56 |   195 |    92 |       |       ||   354
       Morningstar       |       |       |       |   557 |  1294 |  1768 |  1165 ||  4784
       Hand axe          |       |       |       |       |       |       |    12 ||    12
Throw: Javelin           |       |    10 |     1 |    14 |    20 |    28 |     6 ||    79
       Tomahawk          |       |    14 |     5 |     8 |    10 |       |       ||    37
 Cast: Song of Slaying   |       |       |       |       |     2 |    13 |    25 ||    40
       Regeneration      |       |       |       |       |       |    53 |    30 ||    83
       Infusion          |       |       |       |       |       |     7 |     4 ||    11
Invok: Heroism           |       |       |       |    14 |    23 |    43 |     7 ||    87
       Finesse           |       |       |       |     3 |     2 |    10 |     4 ||    19
Evoke: Wand              |       |       |       |       |     2 |       |       ||     2
  Use: Scroll            |       |     6 |     7 |     6 |    11 |    16 |     4 ||    50
       Potion            |       |     5 |       |     3 |     1 |    10 |     7 ||    26
 Stab: Confused          |       |       |       |       |       |     2 |       ||     2
  Eat: Chunk             |       |     5 |     4 |    14 |    14 |     6 |     9 ||    52
       Ration            |       |       |     3 |     4 |     6 |    12 |     6 ||    31
Armor: Scale mail        |    64 |    30 |    55 |       |       |       |       ||   149
       Skin              |       |    12 |       |       |       |       |       ||    12
       Chain mail        |       |       |    16 |   198 |   333 |   756 |   251 ||  1554
Dodge: Dodged            |    38 |    22 |    89 |   267 |   282 |   939 |   347 ||  1984
Block: Shield            |    53 |    66 |   145 |   362 |   815 |  1641 |       ||  3082
       Reflection        |       |       |       |       |    28 |    44 |    81 ||   153
       Large shield      |       |       |       |       |       |   378 |  1519 ||  1897
